Sabres vs MapleLeafs

Created - Thursday, March 12, 2015 at 01:15

Goals
1 2 3 T
Sabres 0 3 1 4
MapleLeafs 1 1 0 2
Shots
1 2 3 T
Sabres 11 10 12 33
MapleLeafs 7 17 11 35

1st period

1. MapleLeafs , Alexander Steen 32 (Carl Gunnarsson, Karl Alzner) at 6:36 (SH)

Penalties :
Chris Kunitz (Tor) for Holding (Minor) at 6:17

2nd period

2. Sabres , Henrik Zetterberg 40 (Brooks Orpik, Steven Stamkos) at 3:23
3. Sabres , Steven Stamkos 47 (Alex Pietrangelo, Josh Harding) at 3:57 (PP)
4. MapleLeafs , Alexander Steen 33 (Joe Thornton, James Neal) at 9:17 (PP)
5. Sabres , Brooks Orpik 9 (Blake Wheeler, Gustav Nyquist) at 19:53 (PP)

Penalties :
Ryan Kesler (Tor) for Interference (Minor) at 3:40, Brooks Orpik (Buf) for Hooking (Minor) at 4:08, Eric Brewer (Buf) for High sticking (Minor) at 9:05, Sidney Crosby (Buf) for Hooking (Minor) at 12:46, Lee Stempniak (Tor) for Holding (Minor) at 18:37

3rd period

6. Sabres , David Perron 25 (Sidney Crosby, Steven Stamkos) at 1:12 (PP)

Penalties :
James van Riemsdyk (Tor) for High sticking (Minor) at 1:05, Karl Alzner (Tor) for Holding (Minor) at 7:21, Stephane Robidas (Buf) for Hooking (Minor) at 15:39, Eric Brewer (Buf) for Tripping (Minor) at 18:50, Ryan Kesler (Tor) for Roughing (Minor) at 19:51

Goalie Stats

Josh Harding (Buf), 33 saves from 35 shots - (0.943), W, 25-9-3, 58:41 minutes
Ondrej Pavelec (Buf), 0 saves from 0 shots - (0.000), 1:19 minutes
Cory Schneider (Tor), 29 saves from 33 shots - (0.879), L, 35-10-10, 60:00 minutes

Players Stats for Sabres

Player Name              G  A  P  +/- PIM S  H  SB GA TA FO     MP     PP MP  PK MP  
------------------------------------------------------------------------------------
Alec Martinez            0  0  0   0  0   0  1  0  0  0  0/0    16:45   1:19   0:03 
Alex Pietrangelo         0  1  1   0  0   3  0  2  4  3  0/0    27:08   4:19   3:28 
Blake Wheeler            0  1  1  -1  0   0  2  0  3  0  0/0    16:27   2:21   0:00 
Brooks Orpik             1  1  2   1  2   2  1  0  0  2  0/0    21:17   1:19   2:19 
Chris Higgins            0  0  0   0  0   2  1  0  2  0  0/0    12:06   0:00   4:02 
David Perron             1  0  1   1  0   1  3  0  0  0  0/0    15:40   3:17   0:00 
Dwight King              0  0  0   0  0   2  1  0  1  0  0/0     8:04   0:00   0:00 
Eric Brewer              0  0  0   0  4   1  0  0  0  2  0/0    18:38   0:00   4:48 
Gustav Nyquist           0  1  1  -1  0   1  0  0  0  0  0/0    16:19   2:21   0:00 
Henrik Zetterberg        1  0  1   0  0   2  1  1  3  0  1/3    19:08   2:21   3:08 
Jay Bouwmeester          0  0  0  -1  0   1  2  3  0  3  0/0    24:54   4:19   3:42 
Marc-Andre Cliche        0  0  0   0  0   0  0  0  0  1  3/8    12:57   0:00   2:54 
Matt Stajan              0  0  0   0  0   3  0  1  2  0  7/12   14:55   0:00   4:16 
PA Parenteau             0  0  0   0  0   6  0  0  2  0  1/1    10:39   0:00   0:00 
Sidney Crosby            0  1  1   0  2   3  1  2  2  1  10/21  18:29   3:17   0:00 
Stephane Robidas         0  0  0   0  2   0  0  0  0  0  0/0    12:42   0:00   0:00 
Steve Downie             0  0  0   0  0   1  1  0  3  1  0/0    10:39   0:00   0:00 
Steven Stamkos           1  2  3   1  0   5  2  0  3  0  5/10   15:45   3:17   0:00 

Players Stats for MapleLeafs

Player Name              G  A  P  +/- PIM S  H  SB GA TA FO     MP     PP MP  PK MP  
------------------------------------------------------------------------------------
Alexander Steen          2  0  2   1  0   5  0  0  2  0  1/1    18:33   3:36   2:52 
Brandon Sutter           0  0  0   1  0   7  1  0  4  1  4/10   16:03   0:00   2:52 
Carl Gunnarsson          0  1  1   0  0   0  0  2  0  0  0/0    15:08   0:00   1:42 
Chris Kunitz             0  0  0   0  2   1  3  0  2  0  0/0    18:09   3:34   0:00 
Dan Girardi              0  0  0   0  0   3  0  2  1  3  0/0    25:27   4:33   3:56 
Drew Doughty             0  0  0   0  0   1  1  4  0  4  0/0    28:04   4:33   3:56 
Francis Bouillon         0  0  0   0  0   0  0  1  0  0  0/0     2:37   0:00   0:00 
Gregory Campbell         0  0  0   0  0   1  1  0  0  1  0/0    15:43   0:00   2:46 
James Neal               0  1  1  -1  0   3  4  2  2  0  0/2    23:14   3:36   0:00 
James van Riemsdyk       0  0  0   0  2   1  1  0  2  1  0/1    17:49   3:34   0:00 
Jarred Tinordi           0  0  0  -1  0   2  0  0  0  2  0/0    14:34   0:00   1:08 
Joe Thornton             0  1  1   0  0   2  0  0  0  0  14/19  15:21   3:36   0:00 
Karl Alzner              0  1  1   1  2   0  0  2  0  1  0/0    17:34   2:37   0:34 
Lee Stempniak            0  0  0   0  2   5  3  0  1  0  1/2    12:42   0:00   0:00 
Marc-Edouard Vlasic      0  0  0   0  0   1  0  0  0  3  0/0    16:47   2:37   0:00 
Matt Beleskey            0  0  0  -1  0   1  0  0  0  0  0/0     7:45   0:00   0:00 
Ryan Kesler              0  0  0   0  4   0  2  1  4  1  8/17   20:42   3:33   2:40 
Zack Smith               0  0  0  -1  0   2  0  0  1  0  0/3     7:51   0:00   0:06 

3 Stars

1 - Steven Stamkos (Buf)
2 - Alexander Steen (Tor)
3 - David Perron (Buf)

Power Play

Sabres - 3 on 6 Attempt(s) - 50.00%
MapleLeafs - 1 on 5 Attempt(s) - 20.00%

Penalty Kill

Sabres - 4 on 5 Attempt(s) - 80.00% - Score 0 goal in Penalty Kill
MapleLeafs - 3 on 6 Attempt(s) - 50.00% - Score 1 goal in Penalty Kill

Team Stat

Sabres - Hits : 16 - Faceoff Wins : 27 - Blocked Shots : 9 - Penalty Minutes : 10
MapleLeafs - Hits : 16 - Faceoff Wins : 28 - Blocked Shots : 14 - Penalty Minutes : 12

Official

Referees : Unknown
Linesman : Unknown

Game Notes

Josh Harding is injured at 18:41 of 3rd period (Sprained Right Knee)
Ondrej Pavelec enters game at 18:41 of 3rd period

Finance

Level 1 -- Attendance: 5191 (86.52%) -- Ticket Income $425,662
Level 2 -- Attendance: 4334 (86.68%) -- Ticket Income $229,702
Level 3 -- Attendance: 2000 (100.00%) -- Ticket Income $46,000
Level 4 -- Attendance: 3198 (79.95%) -- Ticket Income $60,762
Luxury Box -- Attendance: 874 (87.40%) -- Ticket Income $152,950
Game was played at the Air Canada Centre'
Total Attendance: 15597 (86.65%)
Total Ticket Income: $915,076
Other Income: $448,387
Total Income: $1,363,463

Sabres

5 vs 5 Forward 
   Center                   Left Wing                Right Wing               Time % Phy DF OF 
 1 Sidney Crosby            Gustav Nyquist           Blake Wheeler            40     1   1  3  
 2 Steven Stamkos           Henrik Zetterberg        David Perron             39     0   1  4  
 3 Matt Stajan              Steve Downie             PA Parenteau             15     1   2  2  
 4 Marc-Andre Cliche        Dwight King              Chris Higgins            6      2   2  1  

5 vs 5 Defense 
   Defense                  Defense                                           Time % Phy DF OF 
 1 Brooks Orpik             Alex Pietrangelo                                  37     1   3  1  
 2 Jay Bouwmeester          Eric Brewer                                       36     1   2  2  
 3 Alec Martinez            Stephane Robidas                                  17     1   4  0  
 4 Jay Bouwmeester          Alex Pietrangelo                                  10     1   1  3  

PowerPlay Forward 
   Center                   Left Wing                Right Wing               Time % Phy DF OF 
 1 Sidney Crosby            David Perron             Steven Stamkos           55     0   0  5  
 2 Henrik Zetterberg        Gustav Nyquist           Blake Wheeler            45     0   0  5  

PowerPlay Defense
   Defense                  Defense                                           Time % Phy DF OF 
 1 Jay Bouwmeester          Alex Pietrangelo                                  55     0   2  3  
 2 Alec Martinez            Brooks Orpik                                      45     0   2  3  

Penalty Kill 4 Players Forward 
   Center                   Wing                     Time % Phy DF OF 
 1 Matt Stajan              Chris Higgins            50     1   4  0  
 2 Marc-Andre Cliche        Henrik Zetterberg        50     2   3  0  

Penalty Kill 4 Players Defense
   Defense                  Defense                  Time % Phy DF OF 
 1 Brooks Orpik             Alex Pietrangelo         50     1   4  0  
 2 Eric Brewer              Jay Bouwmeester          50     1   4  0  

Penalty Kill - 3 Players Forward 
   Forward                                           Time % Phy DF OF 
 1 Matt Stajan                                       50     1   2  2  
 2 Marc-Andre Cliche                                 50     1   2  2  

Penalty Kill - 3 Players Defense
   Defense                  Defense                  Time % Phy DF OF 
 1 Brooks Orpik             Alex Pietrangelo         50     1   4  0  
 2 Eric Brewer              Jay Bouwmeester          50     1   4  0  

4 vs 4 Forward 
   Center                   Wing                     Time % Phy DF OF 
 1 Sidney Crosby            Blake Wheeler            50     0   1  4  
 2 Steven Stamkos           Henrik Zetterberg        50     1   1  3  

4 vs 4 Defense
   Defense                  Defense                  Time % Phy DF OF 
 1 Jay Bouwmeester          Alex Pietrangelo         50     1   2  2  
 2 Eric Brewer              Brooks Orpik             50     1   2  2  

Last Minutes Offensive
   Center                   Left Wing                Right Wing               Defense                  Defense                  
   Sidney Crosby            Henrik Zetterberg        Steven Stamkos           Jay Bouwmeester          Alex Pietrangelo         

Last Minutes Defensive
   Center                   Left Wing                Right Wing               Defense                  Defense                  
   Henrik Zetterberg        Dwight King              Chris Higgins            Brooks Orpik             Alex Pietrangelo         

Goaltenders
Starting : Josh Harding             
Backup : Ondrej Pavelec           

Extra Forwards
Normal : Steven Stamkos, Henrik Zetterberg, Gustav Nyquist - PP : David Perron, Steven Stamkos - PK : Chris Higgins
Extra Defensemen
Normal : Eric Brewer, Stephane Robidas, Brooks Orpik - PP : Eric Brewer - PK : Eric Brewer, Brooks Orpik
Penalty Shots
Steven Stamkos, Sidney Crosby, PA Parenteau, Blake Wheeler, David Perron

MapleLeafs

5 vs 5 Forward 
   Center                   Left Wing                Right Wing               Time % Phy DF OF 
 1 Joe Thornton             Alexander Steen          James Neal               35     0   2  3  
 2 Ryan Kesler              Chris Kunitz             James van Riemsdyk       30     0   2  3  
 3 Brandon Sutter           Gregory Campbell         Lee Stempniak            20     0   2  3  
 4 Zack Smith               James Neal               Matt Beleskey            15     0   2  3  

5 vs 5 Defense 
   Defense                  Defense                                           Time % Phy DF OF 
 1 Drew Doughty             Dan Girardi                                       40     0   2  3  
 2 Karl Alzner              Marc-Edouard Vlasic                               33     0   2  3  
 3 Carl Gunnarsson          Jarred Tinordi                                    22     1   2  2  
 4 Francis Bouillon         Drew Doughty                                      5      0   2  3  

PowerPlay Forward 
   Center                   Left Wing                Right Wing               Time % Phy DF OF 
 1 Joe Thornton             Alexander Steen          James Neal               60     0   1  4  
 2 Ryan Kesler              Chris Kunitz             James van Riemsdyk       40     0   1  4  

PowerPlay Defense
   Defense                  Defense                                           Time % Phy DF OF 
 1 Drew Doughty             Dan Girardi                                       55     0   1  4  
 2 Karl Alzner              Marc-Edouard Vlasic                               45     0   1  4  

Penalty Kill 4 Players Forward 
   Center                   Wing                     Time % Phy DF OF 
 1 Brandon Sutter           Alexander Steen          50     0   4  1  
 2 Ryan Kesler              Gregory Campbell         50     0   4  1  

Penalty Kill 4 Players Defense
   Defense                  Defense                  Time % Phy DF OF 
 1 Drew Doughty             Dan Girardi              50     1   2  2  
 2 Karl Alzner              Carl Gunnarsson          50     1   2  2  

Penalty Kill - 3 Players Forward 
   Forward                                           Time % Phy DF OF 
 1 Brandon Sutter                                    50     0   5  0  
 2 Ryan Kesler                                       50     0   5  0  

Penalty Kill - 3 Players Defense
   Defense                  Defense                  Time % Phy DF OF 
 1 Drew Doughty             Dan Girardi              50     0   5  0  
 2 Karl Alzner              Carl Gunnarsson          50     0   5  0  

4 vs 4 Forward 
   Center                   Wing                     Time % Phy DF OF 
 1 Joe Thornton             Alexander Steen          50     0   2  3  
 2 Ryan Kesler              James Neal               50     0   2  3  

4 vs 4 Defense
   Defense                  Defense                  Time % Phy DF OF 
 1 Drew Doughty             Dan Girardi              50     0   2  3  
 2 Karl Alzner              Marc-Edouard Vlasic      50     0   2  3  

Last Minutes Offensive
   Center                   Left Wing                Right Wing               Defense                  Defense                  
   Joe Thornton             Alexander Steen          Ryan Kesler              Drew Doughty             Dan Girardi              

Last Minutes Defensive
   Center                   Left Wing                Right Wing               Defense                  Defense                  
   Joe Thornton             Alexander Steen          Ryan Kesler              Drew Doughty             Dan Girardi              

Goaltenders
Starting : Cory Schneider           
Backup : Evgeni Nabokov           

Extra Forwards
Normal : Brandon Sutter, Lee Stempniak, Zack Smith - PP : Brandon Sutter, Lee Stempniak - PK : Zack Smith
Extra Defensemen
Normal : Carl Gunnarsson, Jarred Tinordi, Marc-Edouard Vlasic - PP : Marc-Edouard Vlasic - PK : Carl Gunnarsson, Jarred Tinordi
Penalty Shots
Joe Thornton, Alexander Steen, Ryan Kesler, James van Riemsdyk, Chris Kunitz

% Time on Ice - Sabres

Lines # - Real PCT - Wanted PCT - Time Play
Normal Forward
1 - 31% - 40% - 14:42
2 - 29% - 39% - 13:39
3 - 23% - 15% - 10:39
4 - 17% - 6% - 8:04
Normal Defense
1 - 35% - 37% - 16:21
2 - 32% - 36% - 15:12
3 - 27% - 17% - 12:38
4 - 6% - 10% - 2:53
PP Forward
1 - 58% - 55% - 3:17
2 - 42% - 45% - 2:21
PP Defense
1 - 77% - 55% - 4:19
2 - 23% - 45% - 1:19
PK Forward
1 - 56% - 50% - 4:02
2 - 44% - 50% - 3:08
PK Defense
1 - 48% - 50% - 3:28
2 - 52% - 50% - 3:42
PK3 Forward
1 - 0% - 50%
2 - 0% - 50%
PK3 Defense
1 - 0% - 50%
2 - 0% - 50%
44 Forward
1 - 100% - 50% - 0:08
2 - 0% - 50% - 0:00
44 Defense
1 - 100% - 50% - 0:08
2 - 0% - 50% - 0:00
Last Minute Offensive  - 0:00
Last Minute Defensive  - 0:00
Total
Forward - 60:00
Defense - 60:00

% Time on Ice - MapleLeafs

Lines # - Real PCT - Wanted PCT - Time Play
Normal Forward
1 - 26% - 35% - 12:05
2 - 31% - 30% - 14:30
3 - 27% - 20% - 12:44
4 - 16% - 15% - 7:45
Normal Defense
1 - 36% - 40% - 16:58
2 - 30% - 33% - 14:02
3 - 29% - 22% - 13:27
4 - 6% - 5% - 2:37
PP Forward
1 - 50% - 60% - 3:36
2 - 50% - 40% - 3:34
PP Defense
1 - 63% - 55% - 4:33
2 - 37% - 45% - 2:37
PK Forward
1 - 51% - 50% - 2:52
2 - 49% - 50% - 2:46
PK Defense
1 - 70% - 50% - 3:56
2 - 30% - 50% - 1:42
PK3 Forward
1 - 0% - 50%
2 - 0% - 50%
PK3 Defense
1 - 0% - 50%
2 - 0% - 50%
44 Forward
1 - 0% - 50% - 0:00
2 - 100% - 50% - 0:08
44 Defense
1 - 0% - 50% - 0:00
2 - 100% - 50% - 0:08
Last Minute Offensive  - 0:00
Last Minute Defensive  - 0:00
Total
Forward - 60:00
Defense - 60:00

Play by Play

1st period


0:01 of 1st period - Joe Thornton wins face-off versus Sidney Crosby in neutral zone.
0:26 of 1st period - Brooks Orpik is hit by Drew Doughty and loses puck.
0:35 of 1st period - Snap shot by Sidney Crosby.
0:35 of 1st period - Stopped by Cory Schneider with a rebound.
1:07 of 1st period - Snap shot by Steven Stamkos.
1:07 of 1st period - Stopped by Cory Schneider without a rebound.
1:08 of 1st period - Matt Stajan wins face-off versus Ryan Kesler in MapleLeafs zone.
2:16 of 1st period - Steven Stamkos is hit by Lee Stempniak and loses puck.
3:07 of 1st period - Slapshot by James Neal.
3:07 of 1st period - Stopped by Josh Harding with a rebound.
3:49 of 1st period - Snap shot by Chris Higgins.
3:49 of 1st period - Shot Blocked by James Neal.
4:15 of 1st period - Snap shot by Lee Stempniak.
4:15 of 1st period - Stopped by Josh Harding without a rebound.
4:16 of 1st period - Matt Stajan wins face-off versus Brandon Sutter in Sabres zone.
4:21 of 1st period - Karl Alzner is hit by Jay Bouwmeester.
4:22 of 1st period - Icing by Karl Alzner.
4:23 of 1st period - PA Parenteau wins face-off versus Brandon Sutter in MapleLeafs zone.
4:48 of 1st period - Wrist shot by Brandon Sutter.
4:48 of 1st period - Stopped by Josh Harding with a rebound.
5:14 of 1st period - Snap shot by Ryan Kesler.
5:14 of 1st period - Shot Misses the Net.
5:16 of 1st period - Slapshot by Dan Girardi.
5:16 of 1st period - Shot Misses the Net.
5:18 of 1st period - Slapshot by James van Riemsdyk.
5:18 of 1st period - Stopped by Josh Harding without a rebound.
5:19 of 1st period - Steven Stamkos wins face-off versus James Neal in Sabres zone.
5:34 of 1st period - Snap shot by Steven Stamkos.
5:34 of 1st period - Shot Blocked by Drew Doughty.
5:36 of 1st period - Snap shot by Steven Stamkos.
5:36 of 1st period - Shot Misses the Net.
5:38 of 1st period - Slapshot by Alec Martinez.
5:38 of 1st period - Shot Misses the Net.
5:40 of 1st period - Slapshot by Alec Martinez.
5:40 of 1st period - Shot Misses the Net.
6:17 of 1st period - Minor Penalty to Chris Kunitz for Holding.
6:18 of 1st period - Brandon Sutter wins face-off versus Henrik Zetterberg in MapleLeafs zone.
6:26 of 1st period - Slapshot by Alexander Steen.
6:26 of 1st period - Shot Blocked by Henrik Zetterberg.
6:28 of 1st period - Wrist shot by Alexander Steen.
6:28 of 1st period - Shot Misses the Net.
6:36 of 1st period - Snap shot by Alexander Steen.
6:36 of 1st period - Goal by Alexander Steen - Sabres : 0 - MapleLeafs : 1.
6:37 of 1st period - Steven Stamkos wins face-off versus Ryan Kesler in neutral zone.
6:54 of 1st period - Wrist shot by Steven Stamkos.
6:54 of 1st period - Stopped by Cory Schneider without a rebound.
6:55 of 1st period - Ryan Kesler wins face-off versus Sidney Crosby in MapleLeafs zone.
6:55 of 1st period - Ryan Kesler is hit by David Perron.
7:48 of 1st period - Dan Girardi is hit by Alec Martinez and loses puck.
8:17 of 1st period - Penalty to Chris Kunitz is over, Chris Kunitz is back on ice.
8:32 of 1st period - Eric Brewer is hit by Chris Kunitz and loses puck.
8:45 of 1st period - Backhand shot by James Neal.
8:45 of 1st period - Shot Misses the Net.
8:53 of 1st period - Snap shot by Zack Smith.
8:53 of 1st period - Stopped by Josh Harding with a rebound.
8:55 of 1st period - Snap shot by Jarred Tinordi.
8:55 of 1st period - Shot Misses the Net.
8:57 of 1st period - Slapshot by Jarred Tinordi.
8:57 of 1st period - Deflect By Sidney Crosby.
8:57 of 1st period - Stopped by Josh Harding without a rebound.
8:58 of 1st period - Ryan Kesler wins face-off versus Marc-Andre Cliche in Sabres zone.
9:20 of 1st period - Chris Kunitz is hit by Brooks Orpik and loses puck.
10:08 of 1st period - Wrist shot by Matt Stajan.
10:08 of 1st period - Stopped by Cory Schneider with a rebound.
11:01 of 1st period - Wrist shot by Lee Stempniak.
11:01 of 1st period - Shot Misses the Net.
13:00 of 1st period - Wrist shot by PA Parenteau.
13:00 of 1st period - Stopped by Cory Schneider without a rebound.
13:01 of 1st period - Matt Stajan wins face-off versus Lee Stempniak in MapleLeafs zone.
13:08 of 1st period - Wrist shot by PA Parenteau.
13:08 of 1st period - Stopped by Cory Schneider without a rebound.
13:09 of 1st period - Ryan Kesler wins face-off versus Sidney Crosby in MapleLeafs zone.
13:09 of 1st period - Ryan Kesler is hit by Blake Wheeler.
13:37 of 1st period - Off-side.
13:38 of 1st period - Joe Thornton wins face-off versus Steven Stamkos in neutral zone.
14:30 of 1st period - Slapshot by Lee Stempniak.
14:30 of 1st period - Shot Misses the Net.
14:54 of 1st period - Wrist shot by PA Parenteau.
14:54 of 1st period - Stopped by Cory Schneider with a rebound.
14:56 of 1st period - Snap shot by PA Parenteau.
14:56 of 1st period - Stopped by Cory Schneider with a rebound.
15:10 of 1st period - Blake Wheeler is hit by Chris Kunitz and loses puck.
15:29 of 1st period - Snap shot by Blake Wheeler.
15:29 of 1st period - Shot Misses the Net.
15:55 of 1st period - Wrist shot by Dwight King.
15:55 of 1st period - Stopped by Cory Schneider with a rebound.
15:57 of 1st period - Snap shot by Chris Higgins.
15:57 of 1st period - Shot Misses the Net.
15:59 of 1st period - Wrist shot by Eric Brewer.
15:59 of 1st period - Stopped by Cory Schneider with a rebound.
16:01 of 1st period - Slapshot by Eric Brewer.
16:01 of 1st period - Shot Blocked by Drew Doughty.
16:03 of 1st period - Snap shot by Dwight King.
16:03 of 1st period - Shot Misses the Net.
16:05 of 1st period - Slapshot by Chris Higgins.
16:05 of 1st period - Shot Hit the Post.
18:05 of 1st period - Blake Wheeler is hit by James Neal and loses puck.
19:44 of 1st period - Wrist shot by Alex Pietrangelo.
19:44 of 1st period - Stopped by Cory Schneider without a rebound.
19:45 of 1st period - Matt Stajan wins face-off versus Zack Smith in MapleLeafs zone.
Goals for this period are 0 for Sabres vs 1 for MapleLeafs.
Shots for this period are 11 for Sabres vs 7 for MapleLeafs.

2nd period


0:01 of 2nd period - Joe Thornton wins face-off versus Steven Stamkos in neutral zone.
0:10 of 2nd period - Snap shot by Alexander Steen.
0:10 of 2nd period - Stopped by Josh Harding with a rebound.
0:22 of 2nd period - Slapshot by Steven Stamkos.
0:22 of 2nd period - Stopped by Cory Schneider with a rebound.
0:24 of 2nd period - Slapshot by Alex Pietrangelo.
0:24 of 2nd period - Stopped by Cory Schneider with a rebound.
0:54 of 2nd period - Alex Pietrangelo is hit by Chris Kunitz and loses puck.
1:01 of 2nd period - James van Riemsdyk is hit by Blake Wheeler and loses puck.
1:10 of 2nd period - Snap shot by Sidney Crosby.
1:10 of 2nd period - Shot Blocked by Dan Girardi.
1:59 of 2nd period - Snap shot by Brandon Sutter.
1:59 of 2nd period - Shot Misses the Net.
2:31 of 2nd period - Snap shot by Matt Beleskey.
2:31 of 2nd period - Stopped by Josh Harding with a rebound.
3:13 of 2nd period - Wrist shot by Steven Stamkos.
3:13 of 2nd period - Shot Misses the Net.
3:15 of 2nd period - Slapshot by Brooks Orpik.
3:15 of 2nd period - Stopped by Cory Schneider with a rebound.
3:23 of 2nd period - Slapshot by Henrik Zetterberg.
3:23 of 2nd period - Goal by Henrik Zetterberg - Sabres : 1 - MapleLeafs : 1.
3:24 of 2nd period - Sidney Crosby wins face-off versus Ryan Kesler in neutral zone.
3:40 of 2nd period - Minor Penalty to Ryan Kesler for Interference.
3:41 of 2nd period - Sidney Crosby wins face-off versus Zack Smith in MapleLeafs zone.
3:57 of 2nd period - Backhand shot by Steven Stamkos.
3:57 of 2nd period - Deflect By Drew Doughty.
3:57 of 2nd period - Goal by Steven Stamkos - Sabres : 2 - MapleLeafs : 1.
3:58 of 2nd period - Ryan Kesler wins face-off versus Steven Stamkos in neutral zone.
4:08 of 2nd period - Minor Penalty to Brooks Orpik for Hooking.
4:09 of 2nd period - Joe Thornton wins face-off versus Matt Stajan in Sabres zone.
4:17 of 2nd period - Slapshot by James Neal.
4:17 of 2nd period - Shot Misses the Net.
4:19 of 2nd period - Slapshot by Dan Girardi.
4:19 of 2nd period - Shot Misses the Net.
4:39 of 2nd period - Slapshot by Alexander Steen.
4:39 of 2nd period - Shot Misses the Net.
4:41 of 2nd period - Slapshot by Dan Girardi.
4:41 of 2nd period - Stopped by Josh Harding with a rebound.
5:45 of 2nd period - Slapshot by Joe Thornton.
5:45 of 2nd period - Stopped by Josh Harding with a rebound.
6:08 of 2nd period - Penalty to Brooks Orpik is over, Brooks Orpik is back on ice.
6:43 of 2nd period - Wrist shot by Lee Stempniak.
6:43 of 2nd period - Stopped by Josh Harding with a rebound.
6:53 of 2nd period - Wrist shot by Brandon Sutter.
6:53 of 2nd period - Stopped by Josh Harding with a rebound.
6:55 of 2nd period - Slapshot by Lee Stempniak.
6:55 of 2nd period - Stopped by Josh Harding with a rebound.
6:57 of 2nd period - Backhand shot by Brandon Sutter.
6:57 of 2nd period - Stopped by Josh Harding with a rebound.
7:52 of 2nd period - Slapshot by Dan Girardi.
7:52 of 2nd period - Shot Misses the Net.
8:02 of 2nd period - Ryan Kesler is hit by Sidney Crosby and loses puck.
8:11 of 2nd period - Slapshot by Dan Girardi.
8:11 of 2nd period - Shot Misses the Net.
8:13 of 2nd period - Snap shot by Ryan Kesler.
8:13 of 2nd period - Shot Blocked by Jay Bouwmeester.
8:15 of 2nd period - Wrist shot by Chris Kunitz.
8:15 of 2nd period - Shot Misses the Net.
8:29 of 2nd period - Slapshot by Brandon Sutter.
8:29 of 2nd period - Shot Misses the Net.
8:49 of 2nd period - Snap shot by James Neal.
8:49 of 2nd period - Shot Misses the Net.
9:05 of 2nd period - Minor Penalty to Eric Brewer for High sticking.
9:06 of 2nd period - Joe Thornton wins face-off versus Matt Stajan in Sabres zone.
9:15 of 2nd period - Wrist shot by Joe Thornton.
9:15 of 2nd period - Stopped by Josh Harding with a rebound.
9:17 of 2nd period - Snap shot by Alexander Steen.
9:17 of 2nd period - Goal by Alexander Steen - Sabres : 2 - MapleLeafs : 2.
9:18 of 2nd period - Matt Stajan wins face-off versus Ryan Kesler in neutral zone.
9:33 of 2nd period - Wrist shot by PA Parenteau.
9:33 of 2nd period - Stopped by Cory Schneider with a rebound.
9:39 of 2nd period - PA Parenteau is hit by Ryan Kesler and loses puck.
10:19 of 2nd period - Alex Pietrangelo is hit by Brandon Sutter and loses puck.
10:24 of 2nd period - Snap shot by Lee Stempniak.
10:24 of 2nd period - Shot Misses the Net.
10:42 of 2nd period - Alex Pietrangelo is hit by Lee Stempniak and loses puck.
10:59 of 2nd period - Karl Alzner is hit by David Perron and loses puck.
11:51 of 2nd period - Icing by Chris Kunitz.
11:52 of 2nd period - Ryan Kesler wins face-off versus Marc-Andre Cliche in MapleLeafs zone.
12:03 of 2nd period - Matt Beleskey is hit by Chris Higgins and loses puck.
12:30 of 2nd period - Stephane Robidas is hit by Gregory Campbell and loses puck.
12:37 of 2nd period - Slapshot by Lee Stempniak.
12:37 of 2nd period - Deflect By Brandon Sutter.
12:37 of 2nd period - Stopped by Josh Harding with a rebound.
12:39 of 2nd period - Snap shot by Lee Stempniak.
12:39 of 2nd period - Stopped by Josh Harding without a rebound.
12:40 of 2nd period - Brandon Sutter wins face-off versus Sidney Crosby in Sabres zone.
12:46 of 2nd period - Minor Penalty to Sidney Crosby for Hooking.
12:47 of 2nd period - Ryan Kesler wins face-off versus Matt Stajan in Sabres zone.
12:57 of 2nd period - Wrist shot by James van Riemsdyk.
12:57 of 2nd period - Deflect By Ryan Kesler.
12:57 of 2nd period - Shot Blocked by Matt Stajan.
12:57 of 2nd period - Puck is out of play.
12:58 of 2nd period - Ryan Kesler wins face-off versus Matt Stajan in Sabres zone.
13:38 of 2nd period - Wrist shot by Chris Higgins.
13:38 of 2nd period - Shot Blocked by Drew Doughty.
13:42 of 2nd period - Slapshot by Chris Higgins.
13:42 of 2nd period - Stopped by Cory Schneider with a rebound.
13:48 of 2nd period - Wrist shot by Chris Higgins.
13:48 of 2nd period - Deflect By Matt Stajan.
13:48 of 2nd period - Shot Misses the Net.
13:48 of 2nd period - Puck is out of play.
13:49 of 2nd period - Joe Thornton wins face-off versus Marc-Andre Cliche in MapleLeafs zone.
13:56 of 2nd period - Alex Pietrangelo is hit by James Neal and loses puck.
14:13 of 2nd period - Chris Higgins is hit by James Neal and loses puck.
14:41 of 2nd period - Slapshot by Marc-Edouard Vlasic.
14:41 of 2nd period - Stopped by Josh Harding with a rebound.
14:43 of 2nd period - Snap shot by Dan Girardi.
14:43 of 2nd period - Deflect By Ryan Kesler.
14:43 of 2nd period - Shot Misses the Net.
14:43 of 2nd period - Puck is out of play.
14:44 of 2nd period - Marc-Andre Cliche wins face-off versus Ryan Kesler in Sabres zone.
14:46 of 2nd period - Penalty to Sidney Crosby is over, Sidney Crosby is back on ice.
15:07 of 2nd period - Slapshot by Lee Stempniak.
15:07 of 2nd period - Deflect By Brandon Sutter.
15:07 of 2nd period - Stopped by Josh Harding with a rebound.
15:09 of 2nd period - Slapshot by Dan Girardi.
15:09 of 2nd period - Stopped by Josh Harding without a rebound.
15:10 of 2nd period - Lee Stempniak wins face-off versus Sidney Crosby in Sabres zone.
15:17 of 2nd period - Wrist shot by Brandon Sutter.
15:17 of 2nd period - Shot Misses the Net.
16:20 of 2nd period - Drew Doughty is hit by Steven Stamkos and loses puck.
16:59 of 2nd period - Alex Pietrangelo is hit by James van Riemsdyk and loses puck.
17:08 of 2nd period - Backhand shot by Chris Kunitz.
17:08 of 2nd period - Stopped by Josh Harding without a rebound.
17:09 of 2nd period - Matt Stajan wins face-off versus James Neal in Sabres zone.
17:16 of 2nd period - Wrist shot by PA Parenteau.
17:16 of 2nd period - Stopped by Cory Schneider without a rebound.
17:17 of 2nd period - Sidney Crosby wins face-off versus Zack Smith in MapleLeafs zone.
17:40 of 2nd period - Snap shot by James Neal.
17:40 of 2nd period - Stopped by Josh Harding with a rebound.
18:29 of 2nd period - Wrist shot by Matt Stajan.
18:29 of 2nd period - Shot Misses the Net.
18:31 of 2nd period - Snap shot by Matt Stajan.
18:31 of 2nd period - Stopped by Cory Schneider with a rebound.
18:33 of 2nd period - Slapshot by Alex Pietrangelo.
18:33 of 2nd period - Deflect By PA Parenteau.
18:33 of 2nd period - Shot Misses the Net.
18:33 of 2nd period - Puck is out of play.
18:34 of 2nd period - Brandon Sutter wins face-off versus Marc-Andre Cliche in MapleLeafs zone.
18:34 of 2nd period - Brandon Sutter is hit by Dwight King.
18:37 of 2nd period - Minor Penalty to Lee Stempniak for Holding.
18:38 of 2nd period - Brandon Sutter wins face-off versus Sidney Crosby in MapleLeafs zone.
19:12 of 2nd period - Snap shot by Steven Stamkos.
19:12 of 2nd period - Shot Blocked by Drew Doughty.
19:34 of 2nd period - Ryan Kesler is hit by Henrik Zetterberg and loses puck.
19:43 of 2nd period - Slapshot by Henrik Zetterberg.
19:43 of 2nd period - Shot Misses the Net.
19:45 of 2nd period - Snap shot by Blake Wheeler.
19:45 of 2nd period - Deflect By Henrik Zetterberg.
19:45 of 2nd period - Shot Misses the Net.
19:45 of 2nd period - Puck is out of play.
19:46 of 2nd period - Henrik Zetterberg wins face-off versus Ryan Kesler in MapleLeafs zone.
19:49 of 2nd period - Snap shot by Gustav Nyquist.
19:49 of 2nd period - Shot Blocked by Ryan Kesler.
19:51 of 2nd period - Backhand shot by Blake Wheeler.
19:51 of 2nd period - Shot Misses the Net.
19:53 of 2nd period - Slapshot by Brooks Orpik.
19:53 of 2nd period - Goal by Brooks Orpik - Sabres : 3 - MapleLeafs : 2.
19:54 of 2nd period - Joe Thornton wins face-off versus Sidney Crosby in neutral zone.
Goals for this period are 3 for Sabres vs 1 for MapleLeafs.
Shots for this period are 10 for Sabres vs 17 for MapleLeafs.

3rd period


0:01 of 3rd period - Alexander Steen wins face-off versus Sidney Crosby in neutral zone.
0:10 of 3rd period - Wrist shot by James Neal.
0:10 of 3rd period - Deflect By Jay Bouwmeester.
0:10 of 3rd period - Shot Blocked by Sidney Crosby.
0:10 of 3rd period - Puck is out of play.
0:11 of 3rd period - Joe Thornton wins face-off versus Sidney Crosby in Sabres zone.
0:44 of 3rd period - Wrist shot by James Neal.
0:44 of 3rd period - Stopped by Josh Harding with a rebound.
0:46 of 3rd period - Slapshot by Drew Doughty.
0:46 of 3rd period - Stopped by Josh Harding with a rebound.
0:48 of 3rd period - Slapshot by Drew Doughty.
0:48 of 3rd period - Shot Blocked by Jay Bouwmeester.
1:05 of 3rd period - Minor Penalty to James van Riemsdyk for High sticking.
1:06 of 3rd period - Sidney Crosby wins face-off versus Ryan Kesler in MapleLeafs zone.
1:12 of 3rd period - Wrist shot by David Perron.
1:12 of 3rd period - Goal by David Perron - Sabres : 4 - MapleLeafs : 2.
1:13 of 3rd period - Steven Stamkos wins face-off versus Joe Thornton in neutral zone.
1:24 of 3rd period - Wrist shot by Henrik Zetterberg.
1:24 of 3rd period - Stopped by Cory Schneider without a rebound.
1:25 of 3rd period - Joe Thornton wins face-off versus Steven Stamkos in MapleLeafs zone.
3:25 of 3rd period - Jay Bouwmeester is hit by Lee Stempniak and loses puck.
3:46 of 3rd period - Carl Gunnarsson is hit by Steve Downie and loses puck.
3:51 of 3rd period - Snap shot by Steve Downie.
3:51 of 3rd period - Stopped by Cory Schneider without a rebound.
3:52 of 3rd period - Matt Stajan wins face-off versus Joe Thornton in MapleLeafs zone.
5:19 of 3rd period - Wrist shot by Sidney Crosby.
5:19 of 3rd period - Stopped by Cory Schneider with a rebound.
5:21 of 3rd period - Backhand shot by Blake Wheeler.
5:21 of 3rd period - Shot Misses the Net.
5:23 of 3rd period - Slapshot by Jay Bouwmeester.
5:23 of 3rd period - Shot Blocked by Carl Gunnarsson.
5:25 of 3rd period - Snap shot by Blake Wheeler.
5:25 of 3rd period - Shot Misses the Net.
5:27 of 3rd period - Slapshot by Alex Pietrangelo.
5:27 of 3rd period - Stopped by Cory Schneider without a rebound.
5:28 of 3rd period - Sidney Crosby wins face-off versus Joe Thornton in MapleLeafs zone.
5:35 of 3rd period - Slapshot by Alexander Steen.
5:35 of 3rd period - Stopped by Josh Harding without a rebound.
5:36 of 3rd period - Joe Thornton wins face-off versus Matt Stajan in Sabres zone.
5:41 of 3rd period - Snap shot by James Neal.
5:41 of 3rd period - Shot Misses the Net.
5:49 of 3rd period - Matt Stajan is hit by James Neal and loses puck.
5:58 of 3rd period - Snap shot by PA Parenteau.
5:58 of 3rd period - Shot Blocked by Karl Alzner.
6:00 of 3rd period - Slapshot by Eric Brewer.
6:00 of 3rd period - Shot Blocked by Karl Alzner.
6:02 of 3rd period - Snap shot by Matt Stajan.
6:02 of 3rd period - Stopped by Cory Schneider without a rebound.
6:03 of 3rd period - Ryan Kesler wins face-off versus Steven Stamkos in MapleLeafs zone.
6:16 of 3rd period - Wrist shot by Steven Stamkos.
6:16 of 3rd period - Stopped by Cory Schneider without a rebound.
6:17 of 3rd period - Steven Stamkos wins face-off versus Ryan Kesler in MapleLeafs zone.
7:04 of 3rd period - Snap shot by Gustav Nyquist.
7:04 of 3rd period - Stopped by Cory Schneider with a rebound.
7:06 of 3rd period - Snap shot by Brooks Orpik.
7:06 of 3rd period - Deflect By Gustav Nyquist.
7:06 of 3rd period - Shot Misses the Net.
7:06 of 3rd period - Puck is out of play.
7:07 of 3rd period - Sidney Crosby wins face-off versus Joe Thornton in MapleLeafs zone.
7:08 of 3rd period - Wrist shot by Blake Wheeler.
7:08 of 3rd period - Shot Blocked by James Neal.
7:21 of 3rd period - Minor Penalty to Karl Alzner for Holding.
7:22 of 3rd period - Sidney Crosby wins face-off versus Brandon Sutter in MapleLeafs zone.
7:31 of 3rd period - Off-side.
7:32 of 3rd period - Sidney Crosby wins face-off versus Brandon Sutter in neutral zone.
7:35 of 3rd period - Brandon Sutter is hit by Steven Stamkos and loses puck.
7:50 of 3rd period - Carl Gunnarsson is hit by David Perron and loses puck.
9:21 of 3rd period - Penalty to Karl Alzner is over, Karl Alzner is back on ice.
10:30 of 3rd period - Icing by Jarred Tinordi.
10:31 of 3rd period - Marc-Andre Cliche wins face-off versus Ryan Kesler in MapleLeafs zone.
10:40 of 3rd period - Snap shot by Chris Higgins.
10:40 of 3rd period - Stopped by Cory Schneider with a rebound.
10:42 of 3rd period - Snap shot by Dwight King.
10:42 of 3rd period - Stopped by Cory Schneider with a rebound.
10:44 of 3rd period - Slapshot by Jay Bouwmeester.
10:44 of 3rd period - Deflect By Drew Doughty.
10:44 of 3rd period - Stopped by Cory Schneider with a rebound.
10:46 of 3rd period - Snap shot by Dwight King.
10:46 of 3rd period - Shot Blocked by Francis Bouillon.
10:53 of 3rd period - Off-side.
10:54 of 3rd period - Joe Thornton wins face-off versus Sidney Crosby in neutral zone.
10:59 of 3rd period - Snap shot by Alexander Steen.
10:59 of 3rd period - Shot Misses the Net.
11:03 of 3rd period - Slapshot by Joe Thornton.
11:03 of 3rd period - Deflect By Alex Pietrangelo.
11:03 of 3rd period - Shot Blocked by Alex Pietrangelo.
11:03 of 3rd period - Puck is out of play.
11:04 of 3rd period - Joe Thornton wins face-off versus Sidney Crosby in Sabres zone.
11:13 of 3rd period - Snap shot by James Neal.
11:13 of 3rd period - Shot Misses the Net.
11:15 of 3rd period - Snap shot by Alexander Steen.
11:15 of 3rd period - Stopped by Josh Harding with a rebound.
11:17 of 3rd period - Snap shot by Alexander Steen.
11:17 of 3rd period - Shot Misses the Net.
11:57 of 3rd period - Wrist shot by Brandon Sutter.
11:57 of 3rd period - Stopped by Josh Harding with a rebound.
11:59 of 3rd period - Snap shot by Brandon Sutter.
11:59 of 3rd period - Shot Blocked by Jay Bouwmeester.
12:01 of 3rd period - Snap shot by Dan Girardi.
12:01 of 3rd period - Stopped by Josh Harding with a rebound.
12:03 of 3rd period - Slapshot by Gregory Campbell.
12:03 of 3rd period - Stopped by Josh Harding with a rebound.
12:09 of 3rd period - Slapshot by Brandon Sutter.
12:09 of 3rd period - Shot Misses the Net.
12:11 of 3rd period - Snap shot by Gregory Campbell.
12:11 of 3rd period - Deflect By Lee Stempniak.
12:11 of 3rd period - Stopped by Josh Harding without a rebound.
12:12 of 3rd period - Steven Stamkos wins face-off versus James van Riemsdyk in Sabres zone.
12:29 of 3rd period - Slapshot by Steven Stamkos.
12:29 of 3rd period - Shot Blocked by Dan Girardi.
12:31 of 3rd period - Slapshot by Alec Martinez.
12:31 of 3rd period - Shot Misses the Net.
13:33 of 3rd period - Slapshot by PA Parenteau.
13:33 of 3rd period - Shot Misses the Net.
14:15 of 3rd period - Snap shot by Brandon Sutter.
14:15 of 3rd period - Stopped by Josh Harding with a rebound.
14:39 of 3rd period - Snap shot by Zack Smith.
14:39 of 3rd period - Stopped by Josh Harding with a rebound.
14:41 of 3rd period - Slapshot by Jarred Tinordi.
14:41 of 3rd period - Shot Blocked by Alex Pietrangelo.
14:43 of 3rd period - Slapshot by Carl Gunnarsson.
14:43 of 3rd period - Shot Misses the Net.
15:39 of 3rd period - Minor Penalty to Stephane Robidas for Hooking.
15:40 of 3rd period - Joe Thornton wins face-off versus Marc-Andre Cliche in Sabres zone.
16:40 of 3rd period - Dan Girardi is hit by Jay Bouwmeester and loses puck.
16:47 of 3rd period - Chris Higgins is hit by Ryan Kesler and loses puck.
17:23 of 3rd period - Snap shot by Ryan Kesler.
17:23 of 3rd period - Shot Misses the Net.
17:39 of 3rd period - Penalty to Stephane Robidas is over, Stephane Robidas is back on ice.
18:12 of 3rd period - Off-side.
18:13 of 3rd period - Sidney Crosby wins face-off versus Brandon Sutter in neutral zone.
18:16 of 3rd period - Slapshot by Sidney Crosby.
18:16 of 3rd period - Shot Blocked by Carl Gunnarsson.
18:39 of 3rd period - Snap shot by Brandon Sutter.
18:39 of 3rd period - Shot Blocked by Sidney Crosby.
18:41 of 3rd period - Slapshot by Jarred Tinordi.
18:41 of 3rd period - Stopped by Josh Harding with a rebound.
18:41 of 3rd period - Josh Harding from Sabres is injured at 18:41 of 3rd period (Sprained Right Knee).
18:41 of 3rd period - Ondrej Pavelec enters game.
18:42 of 3rd period - Joe Thornton wins face-off versus Henrik Zetterberg in Sabres zone.
18:50 of 3rd period - Minor Penalty to Eric Brewer for Tripping.
18:51 of 3rd period - Marc-Andre Cliche wins face-off versus Joe Thornton in Sabres zone.
19:51 of 3rd period - Minor Penalty to Ryan Kesler for Roughing.
19:52 of 3rd period - Sidney Crosby wins face-off versus Brandon Sutter in MapleLeafs zone.
19:55 of 3rd period - Snap shot by Sidney Crosby.
19:55 of 3rd period - Stopped by Cory Schneider with a rebound.
Goals for this period are 1 for Sabres vs 0 for MapleLeafs.
Shots for this period are 12 for Sabres vs 11 for MapleLeafs.


Output by the SimonT Hockey Simulator (STHS) for Eric Dolegowski -- Original Page W3C XHTML 1.0 Valid
Hockey Simulator - Hockey Simulation - Hockey Manager